 Dungeon Crawl Stone Soup version 0.18-a0-1312-gf98331d (webtiles) character file.

98 Reinor the Sneak (level 4, -3/23 HPs)
             Began as a Spriggan Abyssal Knight on Feb 14, 2016.
             Was a Believer of Lugonu.
             Killed by divine providence
             ... invoked by an orc priest
              (12 damage)
             ... on level 4 of the Dungeon.
             The game lasted 00:05:23 (2907 turns).

Reinor the Sneak (Spriggan Abyssal Knight)          Turns: 2907, Time: 00:05:24

Health: -3/23      AC:  4    Str:  8    XL:     4   Next: 43%
Magic:  6/6        EV: 18    Int: 14    God:    Lugonu [**....]
Gold:   96         SH:  0    Dex: 15    Spells: 0 memorised, 3 levels left

rFire  . . .     SeeInvis +     a - +1 short sword
rCold  . . .     Gourm    .     b - +0 robe
rNeg   . . .     Faith    .     (shield restricted)
rPois  .         Spirit   .     (helmet restricted)
rElec  .         Dismiss  .     i - +1 cloak {MR+}
rCorr  .         Reflect  .     (gloves unavailable)
SustAt .         Harm     .     (boots unavailable)
MR     +....                    (no amulet)
Stlth  +++.......               (no ring)
                                (no ring)

@: very quick, somewhat resistant to hostile enchantments, fairly stealthy
A: unfitting armour, see invisible, herbivore 3, speed 3, slow metabolism 2
a: Depart the Abyss, Bend Space, Renounce Religion


You were on level 4 of the Dungeon.
You worshipped Lugonu.
Lugonu was pleased with you.
You were not hungry.

You visited 1 branch of the dungeon, and saw 4 of its levels.
You visited the Abyss 1 time.

You collected 96 gold pieces.

Inventory:

Hand Weapons
 a - a +1 short sword (weapon)
Missiles
 e - 37 arrows
Armour
 b - a +0 robe (worn)
 i - a +1 cloak of magic resistance (worn)
Potions
 d - a potion of heal wounds {unknown}
 j - a potion of cure mutation {unknown}
Comestibles
 c - 2 bread rations


   Skills:
 - Level 2.4 Fighting
 + Level 3.9 Short Blades
 - Level 3.7 Dodging
 + Level 4.0 Stealth
 - Level 2.0 Invocations


You had 3 spell levels left.
You didn't know any spells.

Dungeon Overview and Level Annotations

Branches:
Dungeon (4/15)
 Temple: D:4-7

Altars:
Yredelemnul


Innate Abilities, Weirdness & Mutations

You are tiny and cannot use many weapons and most armour.
You have supernaturally acute eyesight.
You are an herbivore.
You cover ground extremely quickly.
You need consume almost no food.


Message History

Found 13 stones.
A goblin, a hobgoblin and an orc come into view.
You closely miss the orc priest. The hobgoblin completely misses you.
The orc priest barely misses you.
You closely miss the orc priest. The hobgoblin misses you.
The orc priest hits you with a dagger.
You completely miss the orc priest. The hobgoblin misses you.
The orc priest closely misses you.
You hit the orc priest.
The orc priest is lightly wounded.
The hobgoblin closely misses you.
The orc priest casts a cantrip, but nothing happens.
The orc closely misses you.
The goblin moves out of view.
You hit the orc.
The orc is lightly wounded.
The hobgoblin hits you.
The orc priest invokes the aid of Beogh against you.
Something smites you!
Ouch! That really hurt!
You die...

#### ยง.. # #..
#. #..
#.##.#######
#....##..#.#
#.#..#.##o##
#.##..##.#@#
#.##.###.#ogo#
#.##.# o(.o.o#
#.##.##.#8..$#
####.##.####..8(.
+.......# ##.....
.. ####.##.#
###.### .#
##.##... .. .#
#..##.#.#


You could see an orc priest, 4 orcs and a hobgoblin.

Vanquished Creatures
  Crazy Yiuf (D:2)
  An adder (D:2)
  2 worms
  A giant gecko (D:2)
  2 orcs (D:3)
  8 bats
  4 giant cockroaches
  2 goblins
  7 hobgoblins
  2 jackals (D:1)
  2 quokkas (D:3)
  2 giant newts
  9 kobolds
  5 rats
48 creatures vanquished.

Vanquished Creatures (others)
  An orc (D:4)
1 creature vanquished.

Grand Total: 49 creatures vanquished

Notes
Turn   | Place    | Note
--------------------------------------------------------------
     0 | Abyss:1  | Reinor the Spriggan Abyssal Knight began the quest for the Orb.
     0 | Abyss:1  | Reached XP level 1. HP: 11/11 MP: 3/3
   124 | Abyss:1  | Noticed a large abomination
   131 | Abyss:1  | Noticed an efreet
   139 | Abyss:1  | Noticed a deep elf elementalist
   140 | D:1      | Escaped the Abyss
   295 | D:1      | Reached * piety under Lugonu
   434 | D:1      | Reached XP level 2. HP: 16/16 MP: 4/4
   462 | D:1      | Reached skill level 1 in Stealth
  1020 | D:2      | Reached XP level 3. HP: 7/19 MP: 5/5
  1067 | D:2      | HP: 1/28 [poisoned by an adder]
  1845 | D:2      | Noticed Crazy Yiuf
  1859 | D:2      | Killed Crazy Yiuf
  1859 | D:2      | Reached skill level 4 in Stealth
  1859 | D:2      | Reached XP level 4. HP: 8/23 MP: 6/6
  2039 | D:3      | Reached ** piety under Lugonu
  2534 | D:3      | Found a basalt altar of Yredelemnul.
  2901 | D:4      | Noticed an orc warrior
  2907 | D:4      | Killed from afar by an orc priest

Vault maps used:
D:1:      dpeg_chamrin_arrival_tetris, kennysheep_flooded_box
D:2:      uniq_crazy_yiuf_cottage
D:3:      nicolae_overflow_hidden_temple
D:4:      xom_confusion_cloud, guppyfry_early_orc_mine, uniq_robin, uniq_natasha

Action                   |  1- 3 |  4- 6 || total
-------------------------+-------+-------++-------
Melee: Short sword       |   113 |    54 ||   167
Invok: Depart the Abyss  |     1 |       ||     1
  Use: Potion            |     4 |       ||     4
       Scroll            |       |     5 ||     5
 Stab: Sleeping          |     5 |     9 ||    14
